 Dungeon Crawl Stone Soup version 0.22.0-1-g6561e4c (webtiles) character file.

3689 Masnef the Slicer (level 10, -4/51 HPs)
             Began as a Kobold Venom Mage on Aug 12, 2018.
             Was a Follower of Vehumet.
             Killed from afar by Erica (26 damage)
             ... with an orb of energy
             ... on level 7 of the Dungeon.
             The game lasted 00:59:03 (11367 turns).

Masnef the Slicer (Kobold Venom Mage)              Turns: 11367, Time: 00:59:05

Health: -4/51      AC:  5    Str:  5    XL:     10   Next: 35%
Magic:  23/25      EV: 18    Int: 20    God:    Vehumet [*.....]
Gold:   514        SH:  0    Dex: 16    Spells: 10/17 levels left

rFire    + + .     SeeInvis .   j - +0 short sword
rCold    . . .     Gourm    .   (shield restricted)
rNeg     . . .     Faith    .   u - +1 leather armour {rF+}
rPois    .         Spirit   .   (no helmet)
rElec    .         Reflect  .   h - +0 cloak
rCorr    .         Harm     .   (no gloves)
MR       .....                  (no boots)
Stlth    +++.......             y - amulet of regeneration
HPRegen  0.57/turn              e - ring of magical power
MPRegen  0.19/turn              n - ring of protection from fire

@: very slightly contaminated, slowed, very slow
A: small, carnivore
a: Renounce Religion


You were on level 7 of the Dungeon.
You worshipped Vehumet.
Vehumet was aware of your devotion.
You were completely stuffed.

You visited 2 branches of the dungeon, and saw 9 of its levels.

You collected 514 gold pieces.

Inventory:

Hand Weapons
 j - a +0 short sword (weapon)
 o - a +1 dagger
 A - a +0 hand crossbow
Missiles
 m - 39 bolts
Armour
 a - a +0 robe
 h - a +0 cloak (worn)
 u - a +1 leather armour of fire resistance (worn)
 v - a +0 buckler
 C - a -1 leather armour
Jewellery
 e - a ring of magical power (left hand)
 n - a ring of protection from fire (right hand)
 x - an uncursed amulet of guardian spirit
 y - an amulet of regeneration (around neck)
Scrolls
 d - 2 scrolls of teleportation
 g - a scroll of random uselessness
 r - 3 scrolls of amnesia
 E - 2 scrolls of identify
Potions
 b - 2 potions of heal wounds
 f - a potion of might {unknown}
 i - 2 potions of curing
 k - a potion of ambrosia {unknown}
 l - a potion of resistance {unknown}
 p - a potion of flight {unknown}
 q - a potion of berserk rage {unknown}
 s - a potion of lignification {unknown}
 t - a potion of mutation {unknown}
 w - a potion of degeneration {unknown}
 z - a potion of agility {unknown}
 B - a potion of brilliance {unknown}
Comestibles
 c - 15 rations
 F - 2 chunks of flesh


   Skills:
 + Level 0.5 Fighting
 - Level 8.0 Short Blades
 + Level 7.4 Dodging
 - Level 7.4 Stealth
 + Level 4.1 Shields
 - Level 4.0 Spellcasting
 + Level 3.7 Conjurations
 - Level 5.3 Air Magic
 + Level 5.4 Poison Magic


You had 10 spell levels left.
You knew the following spells:

 Your Spells              Type           Power        Failure   Level  Hunger
a - Sting                 Conj/Pois      ###.         3%          1    None
b - Mephitic Cloud        Conj/Pois/Air  ###.....     9%          3    ###....
c - Poisonous Vapours     Pois/Air       ####..       3%          2    #......
d - Sandblast             Erth           #.....       22%         1    None

Your spell library contained the following spells:

 Spells                   Type           Power        Failure   Level  Hunger
 Venom Bolt               Conj/Pois      ###.......   65%         5    ######.
 Olgreb's Toxic Radiance  Pois           ####....     22%         4    ####...
 Animate Dead             Necr           N/A          91%         4    ####...
 Pain                     Necr           #...         22%         1    None
 Animate Skeleton         Necr           N/A          22%         1    None
 Vampiric Draining        Necr           #.........   54%         3    ###....
 Regeneration             Chrm/Necr      #.........   54%         3    ###....


Dungeon Overview and Level Annotations

Branches:
Dungeon (8/15)             Temple (1/1) D:6
   Lair: D:8-11

Altars:
Ashenzari
Cheibriados
Dithmenos
Elyvilon
Fedhas
Gozag
Hepliaklqana
Kikubaaqudgha
Makhleb
Nemelex Xobeh
Okawaru
Qazlal
Ru
Sif Muna
Trog
Uskayaw
Vehumet
Wu Jian
Xom
Yredelemnul
Zin
The Shining One

Shops:
D:8 :

Annotations:
D:6 loralnil's ghost, novice GrFi
D:8 Erica


Innate Abilities, Weirdness & Mutations

You are small and have problems with some larger weapons.
You are carnivorous and can eat meat at any time.


Message History

Erica looks more healthy.
Erica is engulfed in noxious fumes.
Erica gestures wildly while chanting.
Erica flickers and vanishes!
Deactivating autopickup; reactivate with Ctrl-A.
You start resting.
Something hits you!
You hear some strange, mumbled words.
You feel as though you will be slow longer.
You see here a yak skeleton.
Something closely misses you. Something barely misses you.
There is a stone staircase leading up here.
Something barely misses you.
You climb upwards.
There is a stone staircase leading down here.
Something hits you! Something burns you.
You hear some strange, mumbled words.
An orb of energy appears from out of thin air!
The orb of energy hits you!
Ouch! That really hurt!
You die...

#.# #...# #............##
###.########...####.#######...##.
#.........(.........#######...##.
##########.......[...............
#######.......##########......
#.........###.### #.####.
#.#####.........########.####.
#.##.......##.#.##....#....##.
#.......#..##@...'............
####.##.#..####.##............
#.##.........##............
#.##.#..#.....#............
#.##.#..#.....#............
#....#..#.....##+##........
####.#..#.....##.##........
#.#.<#.....##.##........
#.#............'........


There were no monsters in sight!

Vanquished Creatures
  Pikel (D:5)
  A polar bear (D:8)
  A hippogriff (D:7)
  Sigmund (D:3)
  4 yaks
  2 sky beasts
  2 wolves (D:8)
  3 ogres
  A centaur (D:6)
  2 bullfrogs
  3 scorpions
  5 killer bees (D:8)
  2 howler monkeys
  2 electric eels (D:8)
  A crimson imp (D:6)
  A bullfrog zombie (D:8)
  4 orc priests
  3 hounds
  3 jellies
  2 bullfrog skeletons
  7 orc wizards
  Ijyb (D:3)
  3 worker ants
  6 adders
  A shadow imp (D:4)
  A white imp (D:8)
  An ufetubus (D:8)
  A worm (D:2)
  3 dart slugs (D:1)
  4 leopard geckos
  16 orcs
  A ball python (D:1)
  9 bats
  5 giant cockroaches
  3 goblins
  5 hobgoblins
  4 jackals (D:4)
  4 quokkas
  3 frilled lizards
  A jackal zombie (D:5)
  14 kobolds
  11 rats
  A bush (D:2)
149 creatures vanquished.

Vanquished Creatures (others)
  An adder (D:6)
  A leopard gecko (D:6)
  A plant (D:2)
3 creatures vanquished.

Grand Total: 152 creatures vanquished

Notes
Turn   | Place    | Note
-------+----------+-------------------------------------------
     0 | D:1      | Masnef the Kobold Venom Mage began the quest for the Orb.
     0 | D:1      | Reached XP level 1. HP: 10/10 MP: 3/3
   589 | D:1      | Reached XP level 2. HP: 11/15 MP: 5/5
   956 | D:1      | Reached XP level 3. HP: 19/19 MP: 6/6
  1151 | D:2      | Reached skill level 1 in Short Blades
  1556 | D:2      | Reached XP level 4. HP: 22/24 MP: 7/7
  1731 | D:2      | Reached skill level 2 in Short Blades
  2950 | D:3      | Reached XP level 5. HP: 28/28 MP: 9/9
  2969 | D:3      | Learned a level 3 spell: Mephitic Cloud
  3030 | D:3      | Reached skill level 5 in Stealth
  3109 | D:3      | Noticed Sigmund
  3610 | D:3      | Noticed Ijyb
  3646 | D:3      | Reached skill level 3 in Short Blades
  3895 | D:3      | Killed Sigmund
  3895 | D:3      | Reached skill level 4 in Short Blades
  3895 | D:3      | Reached skill level 1 in Air Magic
  3895 | D:3      | Reached XP level 6. HP: 19/32 MP: 9/10
  4409 | D:3      | Killed Ijyb
  4409 | D:3      | Reached XP level 7. HP: 22/36 MP: 11/11
  4749 | D:4      | Reached skill level 5 in Short Blades
  6164 | D:5      | Entered Level 5 of the Dungeon
  6472 | D:5      | Reached XP level 8. HP: 41/41 MP: 13/13
  6494 | D:5      | Reached skill level 6 in Short Blades
  7010 | D:5      | Found a shimmering altar of Xom.
  7010 | D:5      | Found a deep blue altar of Sif Muna.
  7400 | D:5      | Noticed Pikel
  7478 | D:5      | Killed Pikel
  7478 | D:5      | Reached skill level 7 in Short Blades
  7542 | D:5      | Learned a level 2 spell: Poisonous Vapours
  7606 | D:6      | Found a runed gate.
  7606 | D:6      | Found a runed gate.
  7606 | D:6      | Found a runed gate.
  7606 | D:6      | Noticed loralnil's ghost (novice GrFi)
  7628 | D:6      | Reached XP level 9. HP: 24/45 MP: 15/15
  8632 | D:6      | Reached skill level 1 in Shields
  8724 | D:6      | Found a staircase to the Ecumenical Temple.
  8733 | Temple   | Entered the Ecumenical Temple
  8880 | Temple   | Became a worshipper of Vehumet
  9373 | D:7      | Reached skill level 5 in Poison Magic
  9399 | D:7      | Reached skill level 8 in Short Blades
  9547 | D:7      | Reached skill level 5 in Dodging
  9677 | D:7      | Noticed a hippogriff
  9716 | D:7      | Killed a hippogriff
 10054 | D:6      | You fall through a shaft!
 10434 | D:8      | Reached skill level 5 in Air Magic
 10434 | D:8      | Reached XP level 10. HP: 28/50 MP: 16/16
 10574 | D:8      | Noticed Erica
 11105 | D:8      | Found Aduy's Book Boutique.
 11161 | D:8      | Reached * piety under Vehumet
 11161 | D:8      | Offered knowledge of Sandblast by Vehumet.
 11164 | D:8      | Learned a level 1 spell: Sandblast
 11367 | D:7      | Killed from afar by Erica

Skill      XL: |  1  2  3  4  5  6  7  8  9 10 |
---------------+-------------------------------+-----
Stealth        | 3 4 5 6 7 |  7.4
Short Blades   | 1 2 4 5 7 8 |  8.0
Conjurations   | 2 3 |  3.7
Spellcasting   | 3 4 |  4.0
Air Magic      | 1 2 3 5 |  5.3
Dodging        | 3 4 6 7 |  7.4
Poison Magic   | 4 5 |  5.4
Shields        | 3 4 |  4.1
Fighting       | |  0.5

Action                   |  1- 3 |  4- 6 |  7- 9 | 10-12 || total
-------------------------+-------+-------+-------+-------++-------
Melee: Unarmed           |    24 |       |       |       ||    24
       Short sword       |    17 |       |   358 |    46 ||   421
       Dagger            |    18 |   218 |   276 |       ||   512
 Cast: Sting             |    52 |    81 |   184 |    38 ||   355
       Mephitic Cloud    |       |     2 |    19 |     7 ||    28
       Poisonous Vapours |       |       |    22 |    24 ||    46
Evoke: Wand              |       |       |     2 |       ||     2
  Use: Scroll            |     3 |     4 |     9 |     1 ||    17
       Potion            |       |       |       |     2 ||     2
 Stab: Sleeping          |     4 |     9 |     7 |       ||    20
       Confused          |       |       |     7 |     3 ||    10
       Distracted        |       |       |     1 |       ||     1
  Eat: Chunk             |     8 |    11 |    23 |     4 ||    46
Armor: Robe              |    21 |     7 |       |       ||    28
       Leather armour    |       |    21 |   105 |    13 ||   139
Dodge: Dodged            |    95 |   104 |   355 |    49 ||   603
